 Dungeon Crawl Stone Soup version 0.22.0-49-gab54619674 (webtiles) character file.

1158361 Peloso the Minotaur Barricade (level 27, -3/191 HPs)
             Began as a Minotaur Fighter on Sept 2, 2018.
             Was the Champion of Okawaru.
             Slain by a tentacled monstrosity (4 damage)
             ... summoned by Mnoleg
             ... while paralysed by a floating eye
             ... in Pandemonium on Sept 4, 2018.
             The game lasted 08:45:45 (130309 turns).

Peloso the Minotaur Barricade (Minotaur Fighter)  Turns: 130309, Time: 08:45:45

Health: -3/191     AC: 48    Str: 36 (37) XL:     27
Magic:  0/43       EV: -1    Int: 10 (13) God:    Okawaru [******]
Gold:   11218      SH:  0    Dex: 14 (15) Spells: 25/27 levels left

rFire    + + +     SeeInvis +   a - +9 double sword (elec)
rCold    + + +     Gourm    .   c - +9 shield of the Sun {rElec rC++ Int+4 Stlth+}
rNeg     + . .     Faith    .   d - +12 gold dragon scales
rPois    +         Spirit   .   s - +2 hat
rElec    +         Reflect  .   l - +0 cloak of the Forest {Dex+2 Slay+3}
rCorr    +         Harm     .   u - +1 pair of gloves "Dyniec Yfebu" {rPois rCorr SInv}
MR       ++...                  m - +2 pair of boots {Fly}
Stlth    ++........             h - amulet "Nelaorr" {Acrobat rF++ Int+3 Slay+3}
HPRegen  0.00/turn              D - ring "Somecz Rutos" {rPois rN+ Str+7 SInv}
MPRegen  0.28/turn              L - ring "Ebutsuxt" {Str+3 Dex+2}

@: paralysed, brilliant, about to teleport, heroism, flying, hasted, constricted
A: retaliatory headbutt, horns 2, repulsion field 1, icy blue scales 1, thin
metallic scales 1, blurry vision 1, clumsy 2, deformed body, deterioration 1,
dopey 2, frail 3, high mp 1, inhibited regeneration, weak 1, MP-powered wands
}: 9/15 runes: serpentine, barnacled, slimy, silver, abyssal, demonic, magical,
fiery, dark
a: Heroism, Finesse, Renounce Religion, Stop Flying


You were in Pandemonium.
You worshipped Okawaru.
Okawaru was exalted by your worship.
You were very hungry.

You visited 13 branches of the dungeon, and saw 59 of its levels.
You visited Pandemonium 5 times, and saw 22 of its levels.
You visited the Abyss 8 times.
You visited 1 bazaar.
You also visited: Labyrinth, Trove, Ice Cave and Wizlab.

You collected 13745 gold pieces.
You spent 2527 gold pieces at shops.

Inventory:

Hand Weapons
 a - a +9 double sword of electrocution (weapon)
 H - the +5 scimitar "Aradof" {speed, *Drain +Fly rElec Dex+9}
   (You found it in Pandemonium)

   Attacks with this weapon are significantly faster.
   It affects your dexterity (+9).
   It insulates you from electricity.
   It lets you fly.
   It causes draining when unequipped.
 M - the +1 falchion of Descent {flame, rPois Dex+4}
   (You found it on level 3 of the Elven Halls)

   It has been specially enchanted to burn those struck by it, causing extra
   injury to most foes and up to half again as much damage against particularly
   susceptible opponents.
   Big, fiery blades are also staple armaments of hydra-hunters.
   It affects your dexterity (+4).
   It protects you from poison.
 W - the +4 scimitar "Tageggeu" {flame, Str+2 Stlth+}
   (You took it off a warmonger in Pandemonium)

   It has been specially enchanted to burn those struck by it, causing extra
   injury to most foes and up to half again as much damage against particularly
   susceptible opponents.
   Big, fiery blades are also staple armaments of hydra-hunters.
   It affects your strength (+2).
   It makes you more stealthy.
Armour
 c - the +9 shield of the Sun (worn) {rElec rC++ Int+4 Stlth+}
   (Okawaru gifted it to you on level 14 of the Dungeon)

   It affects your intelligence (+4).
   It greatly protects you from cold.
   It insulates you from electricity.
   It makes you more stealthy.
 d - +12 gold dragon scales (worn)
 l - the +0 cloak of the Forest (worn) {Dex+2 Slay+3}
   (You found it on level 1 of the Elven Halls)

   It affects your dexterity (+2).
   It affects your accuracy and damage with ranged weapons and melee attacks
   (+3).
 m - a +2 pair of boots of flying (worn)
 s - a +2 hat (worn)
 u - the +1 pair of gloves "Dyniec Yfebu" (worn) {rPois rCorr SInv}
   (Okawaru gifted it to you in Pandemonium)

   It protects you from poison.
   It lets you see invisible.
   It provides partial protection from all sources of acid and corrosion.
 F - the +3 warlock's mirror {reflect}
   (You found it on level 3 of the Elven Halls)
 J - a +2 pair of boots of running
 T - the +0 hat "Tadd" {rF+}
   (Okawaru gifted it to you in Pandemonium)

   It protects you from fire.
Jewellery
 h - the amulet "Nelaorr" (around neck) {Acrobat rF++ Int+3 Slay+3}
   (You found it on level 1 of the Elven Halls)

   [amulet of the acrobat]

   It helps you evade while moving and waiting.
   It affects your intelligence (+3).
   It affects your accuracy and damage with ranged weapons and melee attacks
   (+3).
   It greatly protects you from fire.
 r - a +2 ring of dexterity
 D - the ring "Somecz Rutos" (left hand) {rPois rN+ Str+7 SInv}
   (You found it in a treasure trove)

   [ring of poison resistance]

   It affects your strength (+7).
   It protects you from poison.
   It protects you from negative energy.
   It lets you see invisible.
 L - the ring "Ebutsuxt" (right hand) {Str+3 Dex+2}
   (You found it in a treasure trove)

   [ring of strength]

   It affects your strength (+3).
   It affects your dexterity (+2).
 O - an uncursed ring of ice
Wands
 q - a wand of disintegration (10)
 B - a wand of flame (59)
 K - a wand of enslavement (32)
 V - a wand of digging (14)
Scrolls
 e - 21 scrolls of teleportation
 g - 7 scrolls of summoning
 i - 23 scrolls of identify
 j - 6 scrolls of magic mapping
 k - 36 scrolls of remove curse
 w - 3 scrolls of fear
 y - 2 scrolls of enchant weapon
 E - a scroll of fog
 N - 8 scrolls of blinking
 P - 11 scrolls of noise
 S - a scroll of amnesia
 Y - a scroll of enchant armour
Potions
 b - a potion of mutation
 n - 2 potions of magic
 o - 7 potions of might
 p - 7 potions of heal wounds
 v - 22 potions of curing
 z - 2 potions of haste
 A - 9 potions of invisibility
 C - 13 potions of agility
 Q - 4 potions of resistance
Miscellaneous
 x - a phial of floods
 R - a phial of floods
 U - a fan of gales
 X - a sack of spiders
Comestibles
 f - 74 rations


   Skills:
 O Level 27 Fighting
   Level 2.8(22.6) Short Blades
 O Level 27 Long Blades
 + Level 1.1(6.1) Throwing
 O Level 27 Armour
 O Level 27 Dodging
 + Level 18.4(23.4) Stealth
 O Level 27 Shields
 + Level 13.8(18.8) Unarmed Combat
 + Level 0.6 Spellcasting
 + Level 0.3 Transmutations
 + Level 0.6 Earth Magic
 O Level 27 Invocations
 + Level 18.1 Evocations


You had 25 spell levels left.
You knew the following spells:

 Your Spells              Type           Power        Failure   Level  Hunger
a - Passwall              Tmut/Erth      #.......     19%         2    ###....

Your spell library contained the following spells:

 Spells                   Type           Power        Failure   Level  Hunger
 Sandblast                Erth           #.....       12%         1    ##.....
 Beastly Appendage        Tmut           #.....       14%         1    ##.....
 Animate Skeleton         Necr           N/A          16%         1    ##.....
 Apportation              Tloc           #.....       16%         1    ##.....
 Confusing Touch          Hex            #.....       16%         1    ##.....
 Corona                   Hex            #......      16%         1    ##.....
 Flame Tongue             Conj/Fire      #....        16%         1    ##.....
 Freeze                   Ice            #...         16%         1    ##.....
 Pain                     Necr           #...         16%         1    ##.....
 Sting                    Conj/Pois      #...         16%         1    ##.....
 Summon Butterflies       Summ           #.......     16%         1    ##.....
 Summon Small Mammal      Summ           #...         16%         1    ##.....
 Sticks to Snakes         Tmut           #.......     21%         2    ###....
 Blink                    Tloc           N/A          22%         2    ###....
 Call Imp                 Summ           #.......     22%         2    ###....
 Corpse Rot               Necr           N/A          22%         2    ###....
 Ensorcelled Hibernation  Hex/Ice        #.....       22%         2    ###....
 Poisonous Vapours        Pois/Air       #.....       22%         2    ###....
 Slow                     Hex            #.......     22%         2    ###....
 Sublimation of Blood     Necr           #.........   22%         2    ###....
 Throw Frost              Conj/Ice       #.....       22%         2    ###....
 Stone Arrow              Conj/Erth      #.....       34%         3    ####...
 Ignite Poison            Fire/Tmut/Pois #.......     36%         3    ####...
 Spider Form              Tmut/Pois      #.........   36%         3    ####...
 Call Canine Familiar     Summ           #.......     38%         3    ####...
 Confuse                  Hex            #.......     38%         3    ####...
 Conjure Flame            Conj/Fire      #.......     38%         3    ####...
 Gell's Gravitas          Tloc           #.........   38%         3    ####...
 Inner Flame              Hex/Fire       #.......     38%         3    ####...
 Mephitic Cloud           Conj/Pois/Air  #.......     38%         3    ####...
 Ozocubu's Armour         Chrm/Ice       #.......     38%         3    ####...
 Portal Projectile        Hex/Tloc       #.....       38%         3    ####...
 Recall                   Summ/Tloc      N/A          38%         3    ####...
 Regeneration             Chrm/Necr      #.........   38%         3    ####...
 Spectral Weapon          Hex/Chrm       #.......     38%         3    ####...
 Static Discharge         Conj/Air       #.......     38%         3    ####...
 Summon Guardian Golem    Hex/Summ       #.......     38%         3    ####...
 Tukima's Dance           Hex            #.......     38%         3    ####...
 Vampiric Draining        Necr           #.........   38%         3    ####...
 Leda's Liquefaction      Hex/Erth       #.........   69%         4    #####..
 Petrify                  Tmut/Erth      #.......     69%         4    #####..
 Animate Dead             Necr           N/A          73%         4    #####..
 Cause Fear               Hex            #.........   73%         4    #####..
 Force Lance              Conj/Tloc      #.......     73%         4    #####..
 Ice Form                 Ice/Tmut       #.......     73%         4    #####..
 Iskenderun's Mystic Bla  Conj           #.......     73%         4    #####..
 Olgreb's Toxic Radiance  Pois           #.......     73%         4    #####..
 Summon Ice Beast         Ice/Summ       #.......     73%         4    #####..
 Summon Lightning Spire   Summ/Air       #.......     73%         4    #####..
 Throw Icicle             Conj/Ice       #.......     73%         4    #####..
 Lee's Rapid Deconstruct  Erth           #.........   91%         5    ######.
 Borgnjor's Vile Clutch   Necr/Erth      #.........   93%         5    ######.
 Blade Hands              Tmut           #.........   94%         5    ######.
 Bolt of Magma            Conj/Fire/Erth #.........   94%         5    ######.
 Alistair's Intoxication  Tmut/Pois      #.......     95%         5    ######.
 Bolt of Draining         Conj/Necr      #.........   95%         5    ######.
 Fireball                 Conj/Fire      #.........   95%         5    ######.
 Irradiate                Conj/Tmut      #.........   95%         5    ######.
 Iskenderun's Battlesphe  Conj/Chrm      #.......     95%         5    ######.
 Lightning Bolt           Conj/Air       #.........   95%         5    ######.
 Metabolic Englaciation   Hex/Ice        #.........   95%         5    ######.
 Silence                  Hex/Air        #.........   95%         5    ######.
 Summon Mana Viper        Hex/Summ       #.......     95%         5    ######.
 Venom Bolt               Conj/Pois      #.........   95%         5    ######.
 Yara's Violent Unravell  Hex/Tmut       #.........   95%         5    ######.
 Bolt of Cold             Conj/Ice       #.........   100%        6    #######
 Bolt of Fire             Conj/Fire      #.........   100%        6    #######
 Conjure Ball Lightning   Conj/Air       #.........   100%        6    #######
 Darkness                 Hex            #.........   100%        6    #######
 Death Channel            Necr           #.........   100%        6    #######
 Deflect Missiles         Chrm/Air       #.........   100%        6    #######
 Dispersal                Tloc           #.........   100%        6    #######
 Freezing Cloud           Conj/Ice/Air   #.........   100%        6    #######
 Hydra Form               Tmut           #.........   100%        6    #######
 Iron Shot                Conj/Erth      #.........   100%        6    #######
 Ozocubu's Refrigeration  Ice            #.........   100%        6    #######
 Poison Arrow             Conj/Pois      #.........   100%        6    #######
 Shadow Creatures         Summ           N/A          100%        6    #######
 Simulacrum               Ice/Necr       #.........   100%        6    #######
 Statue Form              Tmut/Erth      #........    100%        6    #######
 Dragon Form              Tmut           #.........   100%        7    #######
 Malign Gateway           Summ/Tloc      #.........   100%        7    #######
 Monstrous Menagerie      Summ           #.........   100%        7    #######
 Orb of Destruction       Conj           #.........   100%        7    #######
 Ring of Flames           Chrm/Fire      #.........   100%        7    #######
 Spellforged Servitor     Conj/Summ      #.........   100%        7    #######
 Summon Greater Demon     Summ           #.........   100%        7    #######
 Summon Hydra             Summ           #.........   100%        7    #######
 Chain Lightning          Conj/Air       #.........   100%        8    #######
 Controlled Blink         Tloc           N/A          100%        8    #######
 Disjunction              Tloc           #.........   100%        8    #######
 Ignition                 Fire           #.........   100%        8    #######
 Lehudib's Crystal Spear  Conj/Erth      #.........   100%        8    #######
 Summon Horrible Things   Summ           #.........   100%        8    #######
 Dragon's Call            Summ           #.........   100%        9    #######
 Fire Storm               Conj/Fire      #.........   100%        9    #######
 Glaciate                 Conj/Ice       #.........   100%        9    #######
 Shatter                  Erth           #.........   100%        9    #######
 Tornado                  Air            #.........   100%        9    #######


Dungeon Overview and Level Annotations

Branches:
Dungeon (15/15)            Temple (1/1) D:6            Lair (6/6) D:8
 Shoals (4/4) Lair:3        Snake (4/4) Lair:4        Slime (5/5) Lair:5
    Orc (2/2) D:10            Elf (3/3) Orc:2        Vaults (5/5) D:14
  Crypt (3/3) Vaults:3       Tomb (0/3) Crypt:3      Depths (5/5) D:15
   Hell (1/1)                 Dis (0/7) Hell            Geh (0/7) Hell
    Coc (0/7) Hell            Tar (0/7) Hell            Zot (5/5) Depths:5

Altars:
Ashenzari
Cheibriados
Dithmenos
Elyvilon
Fedhas
Gozag
Hepliaklqana
Kikubaaqudgha
Makhleb
Nemelex Xobeh
Okawaru
Qazlal
Ru
Sif Muna
Trog
Uskayaw
Vehumet
Wu Jian
Xom
Yredelemnul
Zin
The Shining One
Beogh
Jiyva

Shops:
D:5 !   D:7 *   D:8 :   Orc:2 :?(*   Elf:3 [(!?   Shoals:2 (   Snake:3 %*
Vaults:1 %   Vaults:5 *   Depths:1 *   Depths:2 ==}   Depths:4 **%(((=

Portals:
Hell: Depths:1 Depths:2 Depths:3 Depths:4 Depths:5
Abyss: Depths:4
Pandemonium: Depths:2 Depths:3 Depths:5
Ziggurat: Depths:5

Annotations:
D:13 exclusion: 2 oklob plants
D:14 exclusion: Roxanne, Roxanne
Pan Mnoleg


Innate Abilities, Weirdness & Mutations

You reflexively headbutt those who attack you in melee.
You have a pair of horns on your head.
You are surrounded by a mild repulsion field. (EV +2)
You are partially covered in icy blue scales. (AC +2)
You are partially covered in thin metallic scales. (AC +2)
Scrolls take you a little longer to read.
You are very clumsy. (Dex -4)
Armour fits poorly on your strangely shaped body.
Your body sometimes deteriorates upon taking damage.
You are very dopey. (Int -4)
You are extremely frail. (-30% HP)
You have an increased reservoir of magic. (+10% MP)
You do not regenerate when monsters are visible.
You are weak. (Str -2)
You expend magic power (3 MP) to strengthen your wands.


Message History

The golden eye blinks at you. You resist with some effort.
You block the tentacled monstrosity's attack.
The tentacled monstrosity barely misses you.
The tentacled monstrosity closely misses you.
* * * LOW HITPOINT WARNING * * *
The tentacled monstrosity constricts you.
The large abomination misses you.
You riposte.
Your gold dragon scales prevents you from hitting the large abomination.
You feel much better.
The golden eye blinks!
The floating eye gazes piercingly through you!
You suddenly lose the ability to move!
The hellephant tramples you!!!
* * * LOW HITPOINT WARNING * * *
Your body deteriorates!
You feel weakened.
You hold your ground!
The hellephant bites you but does no damage.
The hellephant gores you but does no damage.
The tentacled monstrosity completely misses you.
The tentacled monstrosity tentacle-slaps you but does no damage. x2
You die...

###.# #.......#...........###
##....###.................##
# #.∩..§.##........##......##
.................###....#..#
.
.........#G..X....###..#.#...
........\#(.XG&.##..###.##...
........#w.GGXG## ##...##
##.........GXXYX# ##
########..G##@# ##...###.#
##.....###G# ##.......###.#
#.......G.###.#
#.....#....&#### ##
#......##.....## #..
#........##.....## #...
......... ##.....##....


You could see Mnoleg, a hellephant, a tentacled monstrosity, an eldritch
tentacle, a shining eye, 5 large abominations, 2 eyes of draining, 2 floating
eyes and 2 golden eyes.

Vanquished Creatures
  Cerebov (Pan)
  15 pandemonium lords (Pan)
  the Royal Jelly (Slime:5)
  Ignacio (Pan)
  Gloorx Vloq (Pan)
  Lom Lobon (Pan)
  5 orbs of fire
  The ghost of Artagas the End of an Era, a legendary HOMo of Qazlal (Zot:5)
  6 ancient liches
  Mennas (Vaults:4)
  A greater mummy (Depths:5)
  Boris (Crypt:3)
  Sojobo (Depths:2)
  Saint Roka (Vaults:2)
  5 Killer Klowns (Zot:5)
  A caustic shrike (Depths:3)
  Margery (Vaults:5)
  3 curse toes
  The ghost of Plog the Champion of Chaos, a veteran DDFi of Makhleb (Zot:4)
  The ghost of Jafuaxoa the Slayer, a veteran MiBe of Trog (Crypt:2)
  The ghost of Joqin the Crack Shot, a veteran CeHu of Okawaru (Depths:4)
  10 golden dragons
  Geryon (Hell)
  3 profane servitors
  Nikola (Shoals:3)
  A mutant beast (WizLab)
  10 bone dragons
  7 Tzitzimimeh (Pan)
  10 Brimstone Fiends (Pan)
  2 electric golems (Zot:5)
  Rupert (D:13)
  17 tentacled monstrosities
  14 liches
  2 hellephants (Abyss:1)
  14 Hell Sentinels (Pan)
  24 Ice Fiends (Pan)
  25 Orb Guardians (Zot:5)
  2 deep elf blademasters
  7 titans
  9 quicksilver dragons
  46 Executioners
  20 acid blobs
  Asterion (Elf:2)
  Frances (D:13)
  3 deep elf master archers (Elf:3)
  Polyphemus (Shoals:3)
  6 sphinxes
  Gastronok (Lair:2)
  8 death cobs
  14 ancient champions
  Agnes (Elf:2)
  13 shadow dragons
  10 tengu reavers
  22 tentacled starspawn
  16 storm dragons
  6 revenants
  8 nagarajas
  19 azure jellies
  6 draconian monks
  9 draconian knights
  4 daevas
  7 ghost moths
  Louise (Snake:3)
  5 fire giants
  4 orc warlords
  3 iron dragons
  15 frost giants
  7 draconian scorchers
  22 warmongers (Pan)
  7 deep elf sorcerers
  8 draconian shifters
  4 curse skulls
  17 vault wardens
  27 cacodemons
  An angel (Pan)
  9 ghouls
  44 balrugs
  50 reapers
  A juggernaut zombie (Crypt:3)
  38 very ugly things
  12 draconian annihilators
  19 ironheart preservers
  12 corrupters (Pan)
  7 deep elf elementalists
  4 war gargoyles
  19 blood saints (Pan)
  22 stone giants
  13 black suns (Pan)
  15 green draconians
  2 caustic shrike skeletons (Crypt:3)
  6 draconian stormcallers
  Azrael (Elf:1)
  7 vampire knights
  10 red draconians
  3 entropy weavers
  8 deep elf demonologists
  13 purple draconians
  10 deep elf annihilators
  15 black draconians
  10 yellow draconians
  A minotaur (Lab)
  5 spark wasps
  8 white draconians
  25 lorocyprocas
  12 ettins
  23 green deaths
  Snorg (D:13)
  8 eidola
  8 fire dragons
  5 death oozes
  33 blizzard demons
  7 deep elf death magi
  12 great orbs of eyes
  7 merfolk javelineers
  7 deep elf high priests
  18 yaktaur captains
  36 vault guards
  20 ice dragons
  A kraken zombie (Hell)
  11 merfolk impalers
  3 hell beasts (Pan)
  4 merfolk avatars
  14 naga warriors
  4 quicksilver dragon skeletons
  6 hydras
  13 rakshasas
  4 catoblepae
  52 two-headed ogres
  21 anacondas
  21 monstrous demonspawn (Pan)
  4 spriggan air magi
  4 deep troll shamans
  3 death knights
  8 centaur warriors
  7 merfolk aquamancers
  A two-headed ogre (shapeshifter) (Depths:3)
  A satyr (shapeshifter) (Depths:3)
  2 satyrs
  2 spriggan berserkers
  14 ogre magi
  9 death yaks
  13 deep troll earth magi
  15 hell hogs
  11 naga sharpshooters
  5 orc high priests
  4 tengu warriors
  8 vampire magi
  29 dancing weapons
  An iron golem (WizLab)
  4 shock serpents
  Urug (Orc:2)
  154 large abominations
  28 thrashing horrors
  19 hell knights
  29 deep elf knights
  A spriggan (Depths:5)
  106 soul eaters
  24 wretched stars
  6 titan skeletons
  Sonja (Lair:4)
  105 sun demons
  5 spatial maelstroms
  4 iron trolls
  A fire crab (shapeshifter) (D:13)
  31 deep trolls
  47 sixfirhies
  A spark wasp zombie (Crypt:1)
  4 salamander mystics
  46 skeletal warriors
  11 shadow wraiths
  15 torturous demonspawn
  A golden dragon zombie (Crypt:2)
  2 unseen horrors (shapeshifter) (WizLab)
  A sea snake (shapeshifter) (Abyss:3)
  7 flayed ghosts
  107 starcursed masses
  10 glowing orange brains
  8 unseen horrors
  17 wizards
  An orange crystal statue (Elf:1)
  24 infernal demonspawn
  A lindwurm (shapeshifter) (WizLab)
  12 naga ritualists
  2 swamp dragons (Lair:5)
  8 sea snakes
  18 ironbrand convokers
  An anaconda skeleton (Hell)
  24 shadow demons
  3 orb spiders (shapeshifter)
  14 orc knights
  A golden dragon skeleton (Pan)
  11 necromancers
  An obsidian statue (Depths:4)
  19 deep elf archers
  20 gelid demonspawn (Pan)
  A mana viper (shapeshifter) (Depths:1)
  An orb spider (Abyss:1)
  15 phantasmal warriors
  2 harpies (shapeshifter)
  12 mana vipers
  58 ugly things
  4 wolf spiders
  6 orc sorcerers
  95 deep elf magi
  36 harpies
  3 frost giant zombies
  9 worldbinders
  A shining eye (shapeshifter) (Vaults:1)
  2 cyclopes (shapeshifter) (WizLab)
  6 shining eyes
  96 slime creatures
  2 iron dragon skeletons
  7 merfolk sirens
  A shadow dragon skeleton (Pan)
  A moth of wrath (shapeshifter) (Abyss:3)
  A sphinx skeleton (Depths:3)
  17 elephants
  16 cyclopes
  15 fauns
  11 rust devils
  11 manticores
  15 salamanders
  16 moths of wrath
  2 salamanders (shapeshifter) (WizLab)
  A black mamba (shapeshifter) (Vaults:4)
  9 eyes of devastation
  3 fire giant skeletons
  5 frost giant skeletons
  15 apocalypse crabs
  7 water nymphs
  A dire elephant zombie (Crypt:2)
  44 black mambas
  15 guardian serpents
  A stone giant skeleton (Crypt:3)
  14 vault sentinels
  18 naga magi
  13 gargoyles
  A torpor snail (shapeshifter) (Abyss:4)
  A guardian serpent (shapeshifter) (Depths:2)
  8 ice statues
  A yaktaur zombie (D:15)
  A kobold demonologist (D:13)
  42 orange demons
  80 smoke demons
  15 spiny frogs
  5 shock serpent skeletons
  A storm dragon simulacrum (Depths:3)
  2 rime drakes (shapeshifter)
  A pale draconian zombie (Crypt:3)
  A dire elephant skeleton (Crypt:3)
  A yaktaur (shapeshifter) (Vaults:5)
  A spriggan zombie (D:15)
  10 efreet
  2 rime drakes (Lair:6)
  18 tormentors
  5 komodo dragons
  21 hellions
  3 anaconda simulacra
  A yellow draconian skeleton (Crypt:1)
  28 hellwings
  12 freezing wraiths
  16 ancient zymes
  72 demonic crawlers
  A black draconian zombie (Crypt:2)
  A golden dragon simulacrum (IceCv)
  A tengu conjurer (Depths:1)
  58 yaktaurs
  18 ice devils
  61 red devils
  2 hydra zombies (Hell)
  An elf skeleton (Depths:4)
  A sea snake skeleton (Crypt:3)
  A queen bee (Depths:3)
  9 trolls
  15 merfolk
  4 meliai
  A shadow dragon simulacrum (Abyss:1)
  A meliai (shapeshifter) (D:13)
  2 minotaur skeletons
  2 queen bees (shapeshifter)
  A hydra skeleton (Crypt:3)
  2 polar bears
  A wolf spider simulacrum (Abyss:1)
  2 hornets (shapeshifter)
  A catoblepas skeleton (Pan)
  16 blink frogs
  A wind drake (shapeshifter) (WizLab)
  2 harpy skeletons (Pan)
  A jumping spider (Vaults:4)
  53 raiju
  2 raiju (shapeshifter) (WizLab)
  5 wind drakes
  6 dream sheep
  An alligator zombie (Hell)
  A satyr zombie (Crypt:3)
  A dream sheep (shapeshifter) (Vaults:5)
  5 hornets
  A blink frog (shapeshifter) (Depths:3)
  A bog body (Crypt:2)
  An elf zombie (Depths:4)
  An ettin zombie (Abyss:1)
  12 snapping turtles
  A fire giant simulacrum (Abyss:5)
  2 ice dragon zombies
  8 flying skulls
  16 hippogriffs
  6 redbacks
  2 spriggans (shapeshifter)
  2 ice dragon skeletons
  2 dire elephant simulacra (IceCv)
  27 water elementals
  An alligator skeleton (Crypt:3)
  2 redbacks (shapeshifter)
  A spriggan skeleton (D:15)
  5 fire dragon skeletons (Crypt:3)
  86 ynoxinuls
  5 air elementals
  60 yaks
  A yak (shapeshifter) (Depths:4)
  2 tarantellas (shapeshifter)
  5 shadows
  A human (shapeshifter) (Abyss:5)
  3 black mamba skeletons
  2 hogs (shapeshifter) (WizLab)
  8 wraiths
  3 wyverns
  5 basilisks
  8 fire elementals
  32 neqoxecs
  20 golden eyes
  A golden eye (shapeshifter) (WizLab)
  A steam dragon (D:12)
  2 steam dragons (shapeshifter)
  A vampire mosquito (D:13)
  4 hungry ghosts
  71 chaos spawn
  A harpy simulacrum (IceCv)
  3 iron troll simulacra (IceCv)
  2 spatial vortices (Abyss:2)
  59 nagas
  5 insubstantial wisps
  A water moccasin (shapeshifter) (Vaults:1)
  9 wargs
  2 acid dragons
  2 hydra simulacra
  An infernal demonspawn zombie (Crypt:2)
  13 hell hounds
  12 water moccasins
  A spiny frog zombie (Hell)
  8 floating eyes
  9 porcupines
  A merfolk skeleton (Crypt:3)
  A floating eye (shapeshifter) (WizLab)
  A monstrous demonspawn skeleton (Crypt:1)
  Duvessa (D:6)
  2 spiny frog skeletons
  3 sky beasts
  A black bear (shapeshifter) (D:13)
  71 orc warriors
  6 necrophages
  13 ice beasts
  3 black bears
  13 eyes of draining
  2 ice dragon simulacra
  An eye of draining (shapeshifter) (WizLab)
  6 wolves (Lair:3)
  20 centaurs
  51 ogres
  A tengu (shapeshifter) (WizLab)
  An ogre (shapeshifter) (WizLab)
  A swamp dragon skeleton (Pan)
  6 boggarts
  13 crocodiles
  A hog skeleton (Crypt:2)
  A big kobold (shapeshifter) (WizLab)
  A big kobold (D:11)
  3 wyvern zombies
  16 bullfrogs
  Dowan (D:6)
  5 earth elementals
  50 small abominations
  A wyvern skeleton (D:10)
  A water moccasin skeleton (D:6)
  3 scorpions
  27 killer bees
  21 wights
  A queen bee zombie (Crypt:2)
  A troll skeleton (Abyss:1)
  4 howler monkeys
  An electric eel (D:9)
  21 crimson imps
  A bullfrog zombie (D:13)
  8 quasits
  A centaur zombie (Crypt:2)
  9 hounds
  4 jellies
  38 orc priests
  29 orc wizards
  3 bullfrog skeletons
  9 iron imps
  8 centaur skeletons
  A demonspawn skeleton (Crypt:2)
  An iguana (D:9)
  10 worker ants
  18 hell rats
  6 lightning spires (Abyss:5)
  A spriggan simulacrum (Abyss:3)
  A crocodile zombie (Crypt:2)
  An acid dragon skeleton (Crypt:1)
  An ogre skeleton (Lab)
  A hound skeleton (D:7)
  2 howler monkey skeletons
  3 gnolls (D:5)
  A howler monkey zombie (D:9)
  12 adders
  A scorpion zombie (Crypt:1)
  A steam dragon zombie (Crypt:2)
  3 shadow imps
  9 white imps
  8 ufetubi
  An adder zombie (Crypt:1)
  4 worms
  2 ball lightnings (Pan)
  A dart slug (D:2)
  2 leopard geckos
  120 orcs
  6 giant cockroaches
  9 goblins
  6 hobgoblins
  10 jackals
  A quokka (D:11)
  2 ball pythons
  6 bats
  6 frilled lizards
  A hobgoblin skeleton (Crypt:3)
  11 kobolds
  2 quokka skeletons
  A quokka zombie (Crypt:3)
  11 rats
  A block of ice (Pan)
  2 crawling corpses (Elf:3)
  A fire vortex (Depths:5)
  3 fungi
  A lurking horror (Abyss:1)
  13 plants
  8 starspawn tentacles
  2 tentacles (Hell)
4968 creatures vanquished.

Vanquished Creatures (others)
  An eldritch tentacle (Pan)
  A tentacled starspawn (Abyss:4)
  A deep elf annihilator (Pan)
  A hell hog (Pan)
  A thrashing horror (Abyss:1)
  2 deep elf knights
  A spatial maelstrom (Depths:4)
  A glowing orange brain (Pan)
  A deep elf mage (Elf:1)
  A moth of wrath (Zot:5)
  A mana viper (Snake:3)
  A worldbinder (Abyss:2)
  A black mamba (Snake:3)
  A smoke demon (Pan)
  An orange demon (Abyss:5)
  2 hellwings (Pan)
  3 raiju
  A golden eye (Pan)
  A large abomination (Pan)
  An eye of draining (Pan)
  An ogre (Vaults:5)
  A killer bee (Depths:3)
  3 small abominations
  An adder skeleton (D:6)
  11 ball lightnings (Pan)
  An orc (Vaults:5)
  A quokka (D:11)
  A block of ice (Pan)
  7 fungi
  14 plants
  43 starspawn tentacles
  2 tentacles (Hell)
110 creatures vanquished.

Grand Total: 5078 creatures vanquished

Notes
Turn   | Place    | Note
-------+----------+-------------------------------------------
     0 | D:1      | Peloso the Minotaur Fighter began the quest for the Orb.
     0 | D:1      | Reached XP level 1. HP: 19/19 MP: 0/0
   135 | D:1      | Reached XP level 2. HP: 26/27 MP: 1/1
   704 | D:2      | Reached XP level 3. HP: 26/33 MP: 2/2
  1022 | D:2      | Reached XP level 4. HP: 32/40 MP: 3/3
  1466 | D:3      | Reached skill level 1 in Dodging
  1516 | D:3      | Reached XP level 5. HP: 4/47 MP: 4/4
  1522 | D:3      | HP: 1/47 [jackal (2)]
  2295 | D:4      | Got a heavily runed scale mail
  2306 | D:4      | Identified the +3 scale mail of Starshine {MR+} (You found
                  | it on level 4 of the Dungeon)
  2515 | D:4      | Noticed an ogre
  2521 | D:4      | Killed an ogre
  2521 | D:4      | Reached skill level 5 in Fighting
  2521 | D:4      | Reached skill level 5 in Shields
  2521 | D:4      | Reached XP level 6. HP: 42/56 MP: 5/5
  2665 | D:4      | Reached skill level 5 in Armour
  2868 | D:5      | Entered Level 5 of the Dungeon
  2957 | D:5      | Reached skill level 5 in Long Blades
  3312 | D:5      | Reached XP level 7. HP: 61/61 MP: 6/6
  3349 | D:5      | Found Veluthry's Distillery.
  3357 | D:5      | Bought a potion of curing for 39 gold pieces
  3594 | D:5      | Found a shadowy altar of Dithmenos.
  3594 | D:5      | Found a basalt altar of Yredelemnul.
  3601 | D:5      | Found a burning altar of Makhleb.
  3601 | D:5      | Found a hide-covered altar of Uskayaw.
  3601 | D:5      | Found a shattered altar of Ashenzari.
  3601 | D:5      | Found an ancient bone altar of Kikubaaqudgha.
  3925 | D:6      | Found a white marble altar of Elyvilon.
  3934 | D:6      | Found a sacrificial altar of Ru.
  4220 | D:6      | Noticed Dowan
  4227 | D:6      | Noticed Duvessa
  4236 | D:6      | Killed Duvessa
  4236 | D:6      | Reached XP level 8. HP: 49/70 MP: 7/7
  4247 | D:6      | Killed Dowan
  4433 | D:6      | Found a staircase to the Ecumenical Temple.
  4442 | Temple   | Entered the Ecumenical Temple
  4473 | Temple   | Became a worshipper of Warmaster Okawaru
  4840 | D:7      | Reached skill level 1 in Stealth
  4930 | D:7      | Found Buwkojedd's Assorted Antiques.
  4934 | D:7      | Bought a scroll labeled VADIASCHE WULLU for 29 gold pieces
  4934 | D:7      | Bought a fine marble ring for 145 gold pieces
  4936 | D:7      | Identified the ring of Doany {rPois rF+ Dex+5} (You bought
                  | it in a shop on level 7 of the Dungeon)
  4940 | D:7      | Bought a metallic emerald potion for 26 gold pieces
  5203 | D:7      | Got a transparent scale mail
  5214 | D:7      | Identified the +4 scale mail "Alaet" {Str+2} (You found it
                  | on level 7 of the Dungeon)
  5586 | D:8      | Noticed a hippogriff
  5603 | D:8      | Killed a hippogriff
  5603 | D:8      | Reached * piety under Okawaru
  5631 | D:8      | Reached XP level 9. HP: 26/77 MP: 8/8
  6361 | D:8      | Reached ** piety under Okawaru
  6668 | D:8      | Found Dunext's Book Shoppe.
  6721 | D:8      | Found a staircase to the Lair.
  6756 | D:8      | Found a glowing silver altar of Zin.
  6756 | D:8      | Found a stormy altar of Qazlal.
  6879 | D:9      | Reached skill level 10 in Long Blades
  7162 | D:9      | Reached *** piety under Okawaru
  7283 | D:9      | Reached XP level 10. HP: 74/86 MP: 9/9
  7376 | D:9      | Noticed a gargoyle
  7397 | D:9      | Killed a gargoyle
  7745 | D:9      | Reached skill level 10 in Shields
  7764 | D:9      | Noticed a two-headed ogre
  7776 | D:9      | Killed a two-headed ogre
  7776 | D:9      | Reached **** piety under Okawaru
  7832 | D:9      | Noticed a two-headed ogre
  7864 | D:9      | Killed a two-headed ogre
  8331 | D:10     | Entered Level 10 of the Dungeon
  8387 | D:10     | Reached skill level 1 in Evocations
  8431 | D:10     | Reached ***** piety under Okawaru
  8502 | D:10     | Noticed a gargoyle
  8518 | D:10     | Killed a gargoyle
  8749 | D:10     | Found a staircase to the Orcish Mines.
  8849 | D:10     | Reached XP level 11. HP: 95/95 MP: 11/11
  8982 | D:10     | HP: 3/95 [orc priest/divine providence (15)]
  9665 | D:10     | Reached skill level 5 in Dodging
  9895 | Lair:1   | Entered Level 1 of the Lair of Beasts
 10283 | Lair:1   | Received a gift from Okawaru
 11686 | Lair:2   | Reached skill level 10 in Fighting
 11785 | Lair:2   | Noticed Gastronok
 12086 | Lair:2   | Received a gift from Okawaru
 12149 | Lair:2   | Killed Gastronok
 12149 | Lair:2   | Reached XP level 12. HP: 43/107 MP: 10/12
 12663 | Lair:3   | Reached skill level 10 in Armour
 12973 | Lair:2   | Reached ****** piety under Okawaru
 13324 | Lair:3   | Found a shimmering altar of Xom.
 13632 | Lair:3   | Found a staircase to the Shoals.
 14093 | Lair:4   | Found a staircase to the Snake Pit.
 14107 | Lair:4   | Noticed Sonja
 14112 | Lair:4   | Killed Sonja
 14112 | Lair:4   | Received a gift from Okawaru
 14399 | Lair:4   | Noticed a death yak
 14401 | Lair:4   | Noticed a four-headed hydra
 14429 | Lair:3   | Killed a death yak
 14443 | Lair:4   | Killed a four-headed hydra
 14443 | Lair:4   | Reached XP level 13. HP: 67/116 MP: 13/13
 14774 | Lair:4   | Reached skill level 1 in Short Blades
 15504 | D:11     | Received a gift from Okawaru
 16981 | D:13     | Found a blossoming altar of Fedhas.
 17177 | D:13     | Noticed Rupert
 17193 | D:13     | Paralysed by Rupert for 5 turns
 17215 | D:13     | Killed Rupert
 17502 | D:13     | Reached skill level 1 in Invocations
 17589 | D:13     | Noticed Frances
 17594 | D:13     | Noticed a frost giant
 17600 | D:13     | Killed Frances
 17600 | D:13     | Received a gift from Okawaru
 17600 | D:13     | Reached skill level 15 in Shields
 17614 | D:13     | Killed a frost giant
 17627 | D:13     | Reached skill level 15 in Long Blades
 18012 | D:13     | Got a faintly glowing broad axe {chop}
 18013 | D:13     | Identified the +7 broad axe "Ymareram" {chop, rC+} (You
                  | took it off a frost giant on level 13 of the Dungeon)
 18032 | D:13     | Reached XP level 14. HP: 123/127 MP: 11/14
 18309 | D:13     | Noticed Snorg
 18330 | D:13     | Killed Snorg
 18541 | D:13     | Noticed a frost giant
 18547 | D:13     | Noticed a frost giant
 18556 | D:13     | Killed a frost giant
 18566 | D:13     | Killed a frost giant
 18566 | D:13     | Reached skill level 1 in Unarmed Combat
 18876 | D:13     | Noticed a frost giant
 18884 | D:13     | Received a gift from Okawaru
 18912 | D:13     | Killed a frost giant
 18918 | D:13     | Received a gift from Okawaru
 19191 | D:13     | Got a heavily runed plate armour {god gift}
 19202 | D:13     | Identified the +0 plate armour "Qucerijy" {rF+ Slay+4}
                  | (Okawaru gifted it to you on level 13 of the Dungeon)
 20207 | Lair:5   | Found a transporter.
 20232 | Lair:5   | Found a transporter.
 20270 | Lair:5   | Found a staircase to the Slime Pits.
 20270 | Lair:5   | Found a viscous altar of Jiyva.
 20771 | Lair:6   | Entered Level 6 of the Lair of Beasts
 21447 | Lair:6   | Received a gift from Okawaru
 22613 | Lair:6   | Reached XP level 15. HP: 74/137 MP: 9/15
 22912 | Lair:6   | Identified Casting in Simple Steps
 23308 | D:14     | Found a gate to the Vaults.
 23331 | D:14     | Found a labyrinth entrance.
 23387 | D:14     | Received a gift from Okawaru
 23397 | Lab      | Entered a labyrinth
 24067 | Lab      | Identified a scroll of acquirement
 24073 | Lab      | Got a polished fustibalus
 24076 | Lab      | Got an encrusted flail
 24076 | Lab      | Got a transparent ring mail
 24554 | D:13     | Identified the +0 fustibalus "Geffydau" {speed, rC- rN++
                  | Str+4 Dex+4} (You acquired it in a labyrinth)
 24557 | D:13     | Identified the +11 flail "Voagoc" {crush, +Inv Str+2} (You
                  | found it in a labyrinth)
 24570 | D:13     | Identified the +4 ring mail "Zomamn" {Slay+2} (You found it
                  | in a labyrinth)
 24821 | D:14     | Noticed Roxanne
 25174 | D:14     | Found a portal to a secret trove of treasure.
 25339 | D:14     | Received a gift from Okawaru
 25354 | D:14     | Got a distressingly furry shield {god gift}
 25360 | D:14     | Identified the +9 shield of the Sun {rElec rC++ Int+4
                  | Stlth+} (Okawaru gifted it to you on level 14 of the
                  | Dungeon)
 26987 | Orc:1    | Entered Level 1 of the Orcish Mines
 27447 | Orc:1    | Found a roughly hewn altar of Beogh.
 27570 | Orc:2    | Entered Level 2 of the Orcish Mines
 27763 | Orc:2    | Noticed Urug
 27798 | Orc:2    | Killed Urug
 28353 | Orc:2    | Found a staircase to the Elven Halls.
 28476 | Orc:2    | Noticed an orc warlord
 28646 | Orc:2    | Killed an orc warlord
 29062 | Orc:2    | Found a roughly hewn altar of Beogh.
 29081 | Orc:2    | Found Ilyeteam's Book Emporium.
 29194 | Orc:2    | Found Cankaf's Magic Scroll Shop.
 29217 | Orc:2    | Bought 3 scrolls of brand weapon for 720 gold pieces
 29343 | Orc:2    | Found a roughly hewn altar of Beogh.
 29343 | Orc:2    | Noticed an orc warlord
 29371 | Orc:2    | Killed an orc warlord
 29371 | Orc:2    | Received a gift from Okawaru
 29631 | Orc:2    | Reached XP level 16. HP: 147/147 MP: 17/17
 29690 | Orc:2    | Found Ziunociade's Assorted Antiques.
 29712 | Orc:2    | Found Aduik's Antique Weapon Shoppe.
 29718 | Orc:2    | Reached skill level 15 in Fighting
 30244 | D:15     | Entered Level 15 of the Dungeon
 30919 | D:15     | Found a staircase to the Depths.
 31354 | D:15     | Received a gift from Okawaru
 31390 | D:15     | Got a smoking hat {god gift}
 31401 | D:15     | Identified the +0 hat "Nibbot" {Int+3} (Okawaru gifted it
                  | to you on level 15 of the Dungeon)
 31987 | Snake:1  | Entered Level 1 of the Snake Pit
 32070 | Snake:1  | Got a vibrating copper ring
 32922 | Snake:1  | Identified the ring "Xiepri" {*Tele rElec rF+ Slay+3} (You
                  | found it on level 1 of the Snake Pit)
 33160 | Shoals:1 | Entered Level 1 of the Shoals
 33928 | Shoals:1 | Reached XP level 17. HP: 146/158 MP: 15/18
 34260 | Shoals:2 | Reached skill level 15 in Armour
 34338 | Shoals:2 | Found a flickering gateway to a bazaar.
 34350 | Bazaar   | Entered a bazaar
 34350 | Bazaar   | Found Ykoif's Magic Scroll Shoppe.
 34350 | Bazaar   | Found Kyerphi's Weapon Emporium.
 34353 | Bazaar   | Found Camnuyv's Antique Weapon Emporium.
 34366 | Bazaar   | Found Zyrum's Weapon Shoppe.
 34370 | Bazaar   | Bought a scroll of acquirement for 624 gold pieces
 34378 | Bazaar   | Bought a scroll of enchant armour for 90 gold pieces
 34378 | Bazaar   | Bought a scroll of enchant weapon for 90 gold pieces
 34526 | Shoals:2 | Found Olohischonic's Antique Weapon Shoppe.
 34550 | Shoals:2 | Received a gift from Okawaru
 35156 | Shoals:3 | Noticed Polyphemus
 35312 | Shoals:3 | HP: 6/158 [catoblepas[Polyphemus] (7)]
 35316 | Shoals:4 | Entered Level 4 of the Shoals
 35760 | Shoals:3 | Noticed Nikola
 35791 | Shoals:3 | Killed Nikola
 36309 | Shoals:3 | Killed Polyphemus
 37542 | Snake:2  | Received a gift from Okawaru
 38216 | Snake:2  | Reached XP level 18. HP: 161/168 MP: 19/19
 38777 | Snake:3  | Noticed Louise
 38784 | Snake:3  | Cast into level 2 of the Abyss (Louise)
 38919 | Abyss:2  | Received a gift from Okawaru
 39123 | Abyss:2  | Found a blossoming altar of Fedhas.
 39131 | Abyss:2  | Found a corrupted altar of Lugonu.
 39454 | Snake:3  | Escaped the Abyss
 39460 | Snake:3  | Killed Louise
 39721 | Snake:3  | Found Maakhoc's Food Shop.
 39722 | Snake:3  | Found Osachat's General Store.
 40141 | Snake:4  | Entered Level 4 of the Snake Pit
 40315 | Snake:4  | Received a gift from Okawaru
 41194 | D:14     | You paid a toll of 7 potions of haste to enter a treasure
                  | trove
 41195 | Trove    | Entered a treasure trove
 41214 | Trove    | Got a wavering granite ring
 41216 | Trove    | Got a warped lead ring
 41218 | Trove    | Got a fine copper ring
 41222 | Trove    | Got a crude lead amulet
 41224 | Trove    | Got a wavering turquoise ring
 41227 | Trove    | Got a brightly glowing amber ring
 41231 | Trove    | Got an ancient tin ring
 41242 | Trove    | Identified the ring of Pyromania {rF+ Str+2 SInv} (You
                  | found it in a treasure trove)
 41244 | Trove    | Identified the ring "Ecsyeng" {EV+4 Int+4 Dex+2} (You found
                  | it in a treasure trove)
 41246 | Trove    | Identified the ring "Wiom Dob" {Ice rN+ Stlth+} (You found
                  | it in a treasure trove)
 41248 | Trove    | Identified the amulet of Yxuprolu {+Rage rF+} (You found it
                  | in a treasure trove)
 41250 | Trove    | Identified the ring "Somecz Rutos" {rPois rN+ Str+7 SInv}
                  | (You found it in a treasure trove)
 41252 | Trove    | Identified the ring "Fefiwnoo" {rF+ MP+9 Str-2 Int+4} (You
                  | found it in a treasure trove)
 41254 | Trove    | Identified the ring "Ebutsuxt" {Str+3 Dex+2} (You found it
                  | in a treasure trove)
 42281 | Snake:4  | Reached XP level 19. HP: 155/179 MP: 20/20
 43043 | Snake:4  | Received a gift from Okawaru
 43161 | Snake:4  | Got a serpentine rune of Zot
 43941 | Shoals:4 | Got a barnacled rune of Zot
 44504 | Shoals:4 | Got a vibrating wooden ring
 44506 | Shoals:4 | Identified the ring "Wadghat" {*Slow +Blink rN+++ MP+9
                  | SInv} (You found it on level 4 of the Shoals)
 44563 | Shoals:4 | Received a gift from Okawaru
 45264 | Elf:1    | Entered Level 1 of the Elven Halls
 45828 | Elf:1    | Noticed Azrael
 45842 | Elf:1    | Killed Azrael
 45941 | Elf:1    | Received a gift from Okawaru
 45971 | Elf:1    | Got a warped sapphire amulet
 45975 | Elf:1    | Got a steaming cloak
 45986 | Elf:1    | Identified the cursed +0 cloak of the Forest {Dex+2 Slay+3}
                  | (You found it on level 1 of the Elven Halls)
 45988 | Elf:1    | Identified the amulet "Nelaorr" {Acrobat rF++ Int+3 Slay+3}
                  | (You found it on level 1 of the Elven Halls)
 46621 | Elf:2    | Reached XP level 20. HP: 182/191 MP: 21/21
 47013 | Elf:2    | Noticed Agnes
 47018 | Elf:2    | Killed Agnes
 47064 | Elf:2    | Found a runed gate.
 47064 | Elf:2    | Found a runed gate.
 47065 | Elf:2    | Found a runed gate.
 47398 | Elf:2    | Noticed Asterion
 47404 | Elf:2    | Killed Asterion
 47599 | Elf:2    | Received a gift from Okawaru
 47849 | Elf:2    | Received a gift from Okawaru
 47975 | Elf:3    | Entered Level 3 of the Elven Halls
 47982 | Elf:3    | Found Hecsusch's Antique Armour Shop.
 48007 | Elf:3    | Found Aghaoses's Weapon Emporium.
 48015 | Elf:3    | Found Zeecleoja's Distillery.
 48091 | Elf:3    | Found a frozen archway.
 48113 | IceCv    | Entered an ice cave
 48416 | Elf:3    | Bought 2 potions of haste for 380 gold pieces
 48478 | Elf:3    | Received a gift from Okawaru
 48525 | Elf:3    | Got a pair of ancient gloves {god gift}
 48531 | Elf:3    | Identified the +3 pair of gloves of Beyond {rF+ Int+4}
                  | (Okawaru gifted it to you on level 3 of the Elven Halls)
 48598 | Elf:3    | Found Poqoe's Magic Scroll Shoppe.
 48604 | Elf:3    | Bought a scroll of magic mapping for 70 gold pieces
 48604 | Elf:3    | Bought a scroll of teleportation for 60 gold pieces
 48604 | Elf:3    | Bought a scroll of enchant armour for 150 gold pieces
 49606 | Elf:3    | Reached XP level 21. HP: 95/200 MP: 22/22
 50081 | Elf:3    | Got a brightly glowing tin ring
 50084 | Elf:3    | Got a polished falchion
 50086 | Elf:3    | Got a wavering brass ring
 50128 | Elf:3    | Identified the Handbook of Toxins and Moulding
 50174 | Elf:3    | Identified the ring of Busublou {Fire rElec Str+3 SInv}
                  | (You found it on level 3 of the Elven Halls)
 50175 | Elf:3    | Identified the ring "Dusaule" {*Corrode +Fly rElec Slay+1}
                  | (You found it on level 3 of the Elven Halls)
 50224 | Elf:3    | Identified a +1 pair of boots of running (You found it on
                  | level 3 of the Elven Halls)
 50225 | Elf:3    | Identified the +1 falchion of Descent {flame, rPois Dex+4}
                  | (You found it on level 3 of the Elven Halls)
 50243 | Elf:3    | Got a brightly glowing broad axe
 50246 | Elf:3    | Identified the +2 broad axe "Nysheadd" {chop, rElec Str+4
                  | Int-5} (You found it on level 3 of the Elven Halls)
 51067 | Vaults:1 | Entered Level 1 of the Vaults
 51376 | Vaults:1 | Received a gift from Okawaru
 51452 | Vaults:1 | Found the +8 longbow "Zephyr" {speed, Dex+3 SInv}
 51821 | Vaults:1 | Found Meoqimif's Food Boutique.
 51894 | Vaults:1 | Received a gift from Okawaru
 53592 | Vaults:2 | Received a gift from Okawaru
 53593 | Vaults:2 | Found the +7 Singing Sword
 53909 | Vaults:2 | Noticed Saint Roka
 53929 | Vaults:2 | Killed Saint Roka
 54163 | Vaults:2 | Reached XP level 22. HP: 209/211 MP: 23/23
 54388 | Vaults:2 | Received a gift from Okawaru
 55466 | Vaults:3 | Reached skill level 27 in Shields
 55654 | Vaults:3 | Received a gift from Okawaru
 55849 | Vaults:3 | Found a staircase to the Crypt.
 56157 | Vaults:4 | Reached skill level 10 in Dodging
 56422 | Vaults:4 | Received a gift from Okawaru
 56448 | Vaults:4 | Got an ancient double sword {god gift}
 56449 | Vaults:4 | Identified the +1 double sword of a wizard's laboratory
                  | {freeze, *Noise rC+ Str+8 Int-4} (Okawaru gifted it to you
                  | on level 4 of the Vaults)
 57098 | Vaults:5 | Entered Level 5 of the Vaults
 57100 | Vaults:5 | Noticed Mennas
 57390 | Vaults:4 | Killed Mennas
 57411 | Vaults:4 | Received a gift from Okawaru
 57533 | Vaults:5 | Reached XP level 23. HP: 223/223 MP: 24/24
 57641 | Vaults:5 | Noticed Margery
 58149 | Vaults:5 | Killed Margery
 58572 | Lair:1   | Reached skill level 1 in Throwing
 58572 | Lair:1   | Reached XP level 24. HP: 233/233 MP: 24/24
 58863 | Vaults:5 | Received a gift from Okawaru
 58922 | Vaults:5 | Noticed an ancient lich
 58941 | Vaults:5 | Killed an ancient lich
 59410 | Vaults:5 | Got a silver rune of Zot
 59435 | Vaults:5 | Got a faintly glowing falchion {flame}
 59444 | Vaults:5 | Identified the +8 falchion of Grace {flame, Fragile rN+++
                  | MR- Str+4} (You took it off a vault sentinel on level 5 of
                  | the Vaults)
 59489 | Vaults:5 | Got a scintillating brass ring
 59490 | Vaults:5 | Identified the ring "Erageup" {Fire rPois SInv} (You found
                  | it on level 5 of the Vaults)
 59494 | Vaults:5 | Identified Onlirph Hatz's Reference Book on Vitriolic
                  | Malediction
 59541 | Vaults:5 | Got an ancient golden ring
 59655 | Vaults:5 | Identified the Catalogue of Ghastly Displacement
 60006 | Vaults:5 | Found Zudaong's General Store.
 60164 | Vaults:5 | Received a gift from Okawaru
 60303 | Vaults:5 | Identified Gufiat's Catalogue of Doomed Attacks
 60933 | Lair:1   | Identified the ring "Farghozo" {MP+9 Str+4 Dex+2} (You took
                  | it off a tengu reaver on level 5 of the Vaults)
 61209 | Depths:1 | Entered Level 1 of the Depths
 61239 | Depths:1 | Reached XP level 25. HP: 232/244 MP: 24/24
 61288 | Depths:1 | Found a magical portal.
 61363 | Depths:1 | Found a gateway to Hell.
 61374 | WizLab   | Entered Cigotuvi's Fleshworks
 61537 | WizLab   | Paralysed by a floating eye for 3 turns
 61670 | WizLab   | Got a faintly glowing amber ring
 61676 | WizLab   | Identified the ring of Vuseoha Rilo {rF+ rC+ MR- Stlth+}
                  | (You found it in a wizard's laboratory)
 61983 | WizLab   | Received a gift from Okawaru
 61994 | WizLab   | Got a scorched shield {god gift}
 61995 | WizLab   | Identified the +3 shield of the Other Side {Int+4} (Okawaru
                  | gifted it to you in a wizard's laboratory)
 61999 | WizLab   | Identified Cigotuvi's Grimoire of Moulding and Stolen Souls
 62001 | WizLab   | Identified Yzunt's Collected Works on Moulding
 62003 | WizLab   | Identified the Collected Works on Changing
 62050 | WizLab   | Learned a level 2 spell: Passwall
 62697 | Depths:1 | Found Vumyts's Assorted Antiques.
 63178 | Depths:2 | Paralysed by a great orb of eyes for 4 turns
 63182 | Depths:2 | Noticed Sojobo
 63197 | Depths:2 | Killed Sojobo
 63536 | Depths:2 | Found a one-way gate leading to the halls of Pandemonium.
 63969 | Depths:2 | Found Osaistreacw's Jewellery Shoppe.
 63971 | Depths:2 | Found Atiur's Gadget Shop.
 63972 | Depths:2 | Found Loijiheg's Jewellery Shoppe.
 64017 | Depths:2 | Paralysed by you for 5 turns
 64142 | Depths:2 | Got a bloodstained plate armour
 64155 | Depths:2 | Identified the +4 plate armour of Tenacity {Str+2} (You
                  | found it on level 2 of the Depths)
 64501 | Depths:3 | Received a gift from Okawaru
 65015 | Depths:3 | Reached XP level 26. HP: 241/258 MP: 24/24
 65052 | Depths:3 | Received a gift from Okawaru
 65408 | Depths:3 | Found a runed door.
 65798 | Depths:3 | Got a dazzling long sword {elec}
 65799 | Depths:3 | Identified the cursed +3 long sword "Idefupeq" {elec,
                  | rPois} (You took it off a deep elf high priest on level 3
                  | of the Depths)
 65871 | Depths:3 | Got an amber-encrusted chain mail
 65884 | Depths:3 | Identified the +8 chain mail of the Grey Skies {rPois Str+2
                  | Int+4} (You found it on level 3 of the Depths)
 65914 | Depths:3 | Got a pitted jade amulet
 65915 | Depths:3 | Identified the amulet of the Priest {Acrobat Str+3} (You
                  | found it on level 3 of the Depths)
 65921 | Depths:3 | Got a sparkling iron ring
 65923 | Depths:3 | Identified the ring "Qeipon" {rC- rN+ MP+9 Int+4 Slay+6}
                  | (You found it on level 3 of the Depths)
 66868 | Depths:4 | Found Gabbeemn's Food Shop.
 66903 | Depths:4 | Received a gift from Okawaru
 66959 | Depths:4 | Found Mecook's Weapon Shoppe.
 67005 | Depths:4 | Found Booheghi's Jewellery Emporium.
 67019 | Depths:4 | Found Diwny's Antique Weapon Shoppe.
 67167 | Depths:4 | Received a gift from Okawaru
 67211 | Depths:4 | Noticed an ancient lich
 67229 | Depths:4 | Killed an ancient lich
 67807 | Depths:4 | Found Dentep's Weapon Shop.
 67881 | Depths:4 | Found a runed gate.
 67882 | Depths:4 | Found a runed gate.
 67882 | Depths:4 | Found an opulent altar of Gozag.
 67883 | Depths:4 | Found a runed gate.
 67886 | Depths:4 | Found Duodd's Assorted Antiques.
 67886 | Depths:4 | Noticed Joqin's ghost (veteran CeHu)
 67891 | Depths:4 | Found Zuroleso's Assorted Antiques.
 67927 | Depths:4 | Killed Joqin's ghost
 68207 | Depths:4 | Found a one-way gate to the infinite horrors of the Abyss.
 68375 | Depths:5 | Entered Level 5 of the Depths
 68387 | Depths:5 | Received a gift from Okawaru
 68882 | Depths:5 | Found a gate to the Realm of Zot.
 69317 | Depths:5 | Reached XP level 27. HP: 256/271 MP: 25/25
 69393 | Depths:5 | Found a gateway to a ziggurat.
 69580 | Depths:5 | Noticed a greater mummy
 69592 | Depths:5 | Killed a greater mummy
 70001 | Depths:5 | Upgraded the game from 0.22.0-40-g68aacdc4c8 to
                  | 0.22.0-49-gab54619674
 70651 | Crypt:1  | Entered Level 1 of the Crypt
 70966 | Crypt:1  | Reached skill level 27 in Fighting
 71044 | Crypt:1  | Received a gift from Okawaru
 71679 | Crypt:2  | Reached skill level 27 in Long Blades
 72164 | Crypt:2  | Got a pair of shimmering gloves
 72179 | Crypt:2  | Found a runed gate.
 72186 | Crypt:2  | Found a runed gate.
 72186 | Crypt:2  | Noticed Jafuaxoa's ghost (veteran MiBe)
 72187 | Crypt:2  | Got a jewelled falchion
 72206 | Crypt:2  | Identified the +1 falchion "Neised" {slice, rPois} (You
                  | found it on level 2 of the Crypt)
 72207 | Crypt:2  | Identified the +1 pair of gloves of Ameplio {rPois Str+2
                  | Int+6 Stlth-} (You found it on level 2 of the Crypt)
 72227 | Crypt:2  | Found a runed gate.
 72270 | Crypt:2  | Killed Jafuaxoa's ghost
 72375 | Crypt:2  | Found an ancient bone altar of Kikubaaqudgha.
 72603 | Crypt:3  | Entered Level 3 of the Crypt
 72650 | Crypt:3  | Found a staircase to the Tomb.
 73002 | Crypt:3  | Noticed Boris
 73023 | Crypt:3  | Killed Boris
 73139 | Crypt:3  | Received a gift from Okawaru
 73248 | Crypt:3  | Noticed an ancient lich
 73251 | Crypt:3  | Paralysed by an ancient lich for 5 turns
 73260 | Crypt:3  | Paralysed by an ancient lich for 4 turns
 73267 | Crypt:3  | Killed an ancient lich
 73286 | Crypt:3  | Got a transparent turquoise ring
 73287 | Crypt:3  | Identified the ring "Empimege" {Ice Slay+3} (You found it
                  | on level 3 of the Crypt)
 74425 | Slime:1  | Entered Level 1 of the Pits of Slime
 75056 | Hell     | Entered the Vestibule of Hell
 75056 | Hell     | Noticed Geryon
 75072 | Hell     | Killed Geryon
 75674 | Depths:1 | Received a gift from Okawaru
 75681 | Depths:1 | Got a warped lajatang {god gift}
 75684 | Depths:1 | Identified the +3 lajatang of Resourcefulness {pain, rC-
                  | rN++ MR+} (Okawaru gifted it to you on level 1 of the
                  | Depths)
 75991 | Hell     | Found a gateway to the decaying netherworld of Tartarus.
 77253 | Hell     | Found a gateway to the freezing wastes of Cocytus.
 77338 | Hell     | Found a gateway to the Iron City of Dis.
 77380 | Hell     | Found a gateway to the ashen valley of Gehenna.
 77385 | Hell     | Received a gift from Okawaru
 77807 | Zot:1    | Entered Level 1 of the Realm of Zot
 78536 | Slime:3  | Gained mutation: Scrolls take you a little longer to read.
                  | [a shining eye]
 78865 | Slime:5  | Entered Level 5 of the Pits of Slime
 78930 | Slime:5  | Gained mutation: You tend to lose your temper in combat. [a
                  | shining eye]
 78944 | Slime:5  | Gained mutation: You often lose your temper in combat. [a
                  | shining eye]
 78947 | Slime:5  | Gained mutation: You have an uncontrollable temper. [a
                  | shining eye]
 79375 | Slime:5  | Noticed the Royal Jelly
 79376 | Slime:5  | Received a gift from Okawaru
 79532 | Slime:5  | Found a viscous altar of Jiyva.
 79591 | Slime:5  | Killed the Royal Jelly
 80083 | Slime:5  | Got a warped turquoise ring
 80116 | Slime:5  | Got a slimy rune of Zot
 80118 | Slime:5  | Got an encrusted scimitar
 80155 | Slime:5  | Identified the Reference Book on Changing and Poisoning
 80200 | Slime:5  | Identified the ring "Ciycas" {+Fly Str+4} (You found it on
                  | level 5 of the Pits of Slime)
 80202 | Slime:5  | Identified the +7 scimitar of Evolution {slice, Int+4} (You
                  | found it on level 5 of the Pits of Slime)
 80575 | Lair:1   | Lost mutation: You have an uncontrollable temper. [potion
                  | of mutation]
 80575 | Lair:1   | Lost mutation: You often lose your temper in combat.
                  | [potion of mutation]
 80575 | Lair:1   | Lost mutation: Scrolls take you a little longer to read.
                  | [potion of mutation]
 80575 | Lair:1   | Lost mutation: You tend to lose your temper in combat.
                  | [potion of mutation]
 80575 | Lair:1   | Gained mutation: You have sharp toenails. [potion of
                  | mutation]
 80575 | Lair:1   | Gained mutation: Your muscles are strong. (Str +2) [potion
                  | of mutation]
 80576 | Lair:1   | Lost mutation: Your muscles are strong. (Str +2) [potion of
                  | mutation]
 80576 | Lair:1   | Gained mutation: You are clumsy. (Dex -2) [potion of
                  | mutation]
 80576 | Lair:1   | Gained mutation: Your flesh is cold resistant. (rC+)
                  | [potion of mutation]
 80577 | Lair:1   | Lost mutation: Your flesh is cold resistant. (rC+) [potion
                  | of mutation]
 80577 | Lair:1   | Lost mutation: You are clumsy. (Dex -2) [potion of
                  | mutation]
 80577 | Lair:1   | Lost mutation: You have sharp toenails. [potion of
                  | mutation]
 80577 | Lair:1   | Gained mutation: Armour fits poorly on your strangely
                  | shaped body. [potion of mutation]
 80577 | Lair:1   | Gained mutation: You have a somewhat thin skeletal
                  | structure. (Dex +2, Stealth) [potion of mutation]
 80577 | Lair:1   | Gained mutation: Your movements are slightly less
                  | encumbered by armour. (ER -2) [potion of mutation]
 80578 | Lair:1   | Lost mutation: Armour fits poorly on your strangely shaped
                  | body. [potion of mutation]
 80578 | Lair:1   | Lost mutation: Your movements are slightly less encumbered
                  | by armour. (ER -2) [potion of mutation]
 80578 | Lair:1   | Gained mutation: You passively map a small area around you.
                  | [potion of mutation]
 80578 | Lair:1   | Gained mutation: You are surrounded by a mild repulsion
                  | field. (EV +2) [potion of mutation]
 80578 | Lair:1   | Gained mutation: You are agile. (Dex +2) [potion of
                  | mutation]
 81001 | Zot:1    | Reached skill level 27 in Armour
 81028 | Zot:1    | Reached skill level 5 in Stealth
 81248 | Zot:1    | Received a gift from Okawaru
 81250 | Zot:1    | Reached skill level 15 in Dodging
 81512 | Zot:1    | Got a vibrating silver ring
 82089 | Zot:2    | Noticed an orb of fire
 82098 | Zot:2    | Gained mutation: Your body sometimes deteriorates upon
                  | taking damage. [an orb of fire]
 82103 | Zot:2    | Gained mutation: You are dopey. (Int -2) [an orb of fire]
 82104 | Zot:2    | Killed an orb of fire
 82669 | Zot:2    | Got an iridescent scimitar
 82840 | Zot:2    | Reached skill level 5 in Invocations
 83116 | Zot:2    | Identified the cursed +1 scimitar of Floods {freeze, +Blink
                  | rPois rN++ Int-3} (You found it on level 2 of the Realm of
                  | Zot)
 83378 | Zot:2    | Received a gift from Okawaru
 84155 | Zot:4    | Found a runed gate.
 84155 | Zot:4    | Found a runed gate.
 84155 | Zot:4    | Found a runed gate.
 84156 | Zot:4    | Noticed Plog's ghost (veteran DDFi)
 84965 | Zot:4    | Killed Plog's ghost
 85157 | Zot:5    | Entered Level 5 of the Realm of Zot
 85285 | Zot:5    | Received a gift from Okawaru
 85359 | Zot:5    | Noticed an ancient lich
 85360 | Zot:5    | Noticed an ancient lich
 85371 | Zot:5    | Paralysed by an ancient lich for 4 turns
 85376 | Zot:5    | Killed an ancient lich
 85376 | Zot:5    | Received a gift from Okawaru
 85663 | Zot:5    | Found a runed gate.
 85663 | Zot:5    | Found a runed gate.
 85663 | Zot:5    | Found a runed gate.
 85664 | Zot:5    | Noticed Artagas's ghost (legendary HOMo)
 85689 | Zot:5    | Killed Artagas's ghost
 85689 | Zot:5    | Received a gift from Okawaru
 86239 | Zot:5    | Noticed an ancient lich
 86257 | Zot:5    | Killed an ancient lich
 86484 | Zot:5    | Noticed an orb of fire
 86494 | Zot:5    | Gained mutation: Potions are less effective at restoring
                  | your health. [an orb of fire]
 86499 | Zot:5    | Gained mutation: Your spells are a little easier to cast,
                  | but a little less powerful. [an orb of fire]
 86501 | Zot:5    | Gained mutation: Armour fits poorly on your strangely
                  | shaped body. [an orb of fire]
 86502 | Zot:5    | Gained mutation: You are frail. (-10% HP) [an orb of fire]
 86520 | Zot:5    | Gained mutation: Scrolls take you a little longer to read.
                  | [an orb of fire]
 86524 | Zot:5    | Killed an orb of fire
 86553 | Zot:5    | Received a gift from Okawaru
 86744 | Zot:5    | Noticed an orb of fire
 86756 | Zot:5    | Noticed an orb of fire
 86758 | Zot:5    | Gained mutation: Your body often deteriorates upon taking
                  | damage. [an orb of fire]
 86760 | Zot:5    | Lost mutation: Scrolls take you a little longer to read.
                  | [an orb of fire]
 86772 | Zot:5    | Killed an orb of fire
 86784 | Zot:5    | Killed an orb of fire
 87199 | Zot:5    | Noticed an orb of fire
 87210 | Zot:5    | Lost mutation: Potions are less effective at restoring your
                  | health. [an orb of fire]
 87221 | Zot:5    | Killed an orb of fire
 87227 | Zot:5    | Killed an ancient lich
 87442 | Zot:5    | Received a gift from Okawaru
 87442 | Zot:5    | Reached skill level 10 in Stealth
 87443 | Zot:5    | Found the +7 longbow "Piercer" {penet, EV-2}
 87740 | Zot:5    | Identified the ring "Niokhaz" {+Fly rPois rN+ Dex+3} (You
                  | found it on level 1 of the Realm of Zot)
 88534 | Depths:4 | Voluntarily entered the Abyss.
 89098 | Abyss:4  | Found a corrupted altar of Lugonu.
 89258 | Abyss:4  | Found a shimmering altar of Xom.
 89389 | Abyss:5  | Entered Level 5 of the Abyss
 89604 | Abyss:5  | Received a gift from Okawaru
 89641 | Abyss:5  | Gained mutation: Your spells are easier to cast, but less
                  | powerful. [a neqoxec]
 89925 | Abyss:5  | Paralysed by accursed screaming for 2 turns
 89929 | Abyss:5  | HP: 5/244 [starcursed mass/accursed screaming (16)]
 89931 | Depths:4 | Escaped the Abyss
 90717 | Lair:1   | Lost mutation: You are frail. (-10% HP) [potion of
                  | mutation]
 90717 | Lair:1   | Lost mutation: You are dopey. (Int -2) [potion of mutation]
 90717 | Lair:1   | Gained mutation: You have sharp toenails. [potion of
                  | mutation]
 90718 | Lair:1   | Lost mutation: You are agile. (Dex +2) [potion of mutation]
 90718 | Lair:1   | Lost mutation: Your body often deteriorates upon taking
                  | damage. [potion of mutation]
 90718 | Lair:1   | Lost mutation: You have sharp toenails. [potion of
                  | mutation]
 90718 | Lair:1   | Gained mutation: You are partially covered in thin metallic
                  | scales. (AC +2) [potion of mutation]
 90719 | Lair:1   | Lost mutation: Your body sometimes deteriorates upon taking
                  | damage. [potion of mutation]
 90719 | Lair:1   | Lost mutation: Armour fits poorly on your strangely shaped
                  | body. [potion of mutation]
 90719 | Lair:1   | Lost mutation: You have a somewhat thin skeletal structure.
                  | (Dex +2, Stealth) [potion of mutation]
 90719 | Lair:1   | Lost mutation: You passively map a small area around you.
                  | [potion of mutation]
 90719 | Lair:1   | Lost mutation: Your spells are easier to cast, but less
                  | powerful. [potion of mutation]
 90719 | Lair:1   | Gained mutation: You are partially covered in yellow
                  | scales. (AC +2) [potion of mutation]
 90719 | Lair:1   | Gained mutation: You evolve. [potion of mutation]
 90720 | Lair:1   | Lost mutation: Your spells are a little easier to cast, but
                  | a little less powerful. [potion of mutation]
 90720 | Lair:1   | Lost mutation: You evolve. [potion of mutation]
 90720 | Lair:1   | Lost mutation: You are partially covered in yellow scales.
                  | (AC +2) [potion of mutation]
 90720 | Lair:1   | Gained mutation: You have an increased reservoir of magic.
                  | (+10% MP) [potion of mutation]
 90720 | Lair:1   | Gained mutation: You are partially covered in icy blue
                  | scales. (AC +2) [potion of mutation]
 91480 | Depths:4 | Voluntarily entered the Abyss.
 91572 | Abyss:1  | Found a corrupted altar of Lugonu.
 91651 | Abyss:1  | Received a gift from Okawaru
 91687 | Abyss:1  | Reached skill level 5 in Evocations
 91974 | Abyss:5  | Entered Level 5 of the Abyss
 92044 | Abyss:5  | Got an abyssal rune of Zot
 92088 | Depths:4 | Escaped the Abyss
 92673 | Depths:4 | Bought a potion of might for 104 gold pieces
 92872 | Pan      | Entered Pandemonium
 92894 | Pan      | Received a gift from Okawaru
 93433 | Pan      | Reached skill level 27 in Dodging
 94055 | Pan      | Found a runed door.
 94574 | Pan      | Noticed Wobew Cedd the pandemonium lord
 94591 | Pan      | Killed Wobew Cedd the pandemonium lord
 94684 | Pan      | Reached skill level 10 in Invocations
 95139 | Pan      | Received a gift from Okawaru
 95350 | Pan      | Noticed Juttuk the pandemonium lord
 95363 | Pan      | Killed Juttuk the pandemonium lord
 95554 | Pan      | Found an exit through the horrors of the Abyss.
 97282 | Pan      | Entered the realm of Cerebov.
 97766 | Pan      | Got a scorched bronze ring
 97767 | Pan      | Identified the ring "Uwad" {rC+ Slay+2 Stlth-} (You found
                  | it in Pandemonium)
 97826 | Pan      | Noticed Cerebov
 97871 | Pan      | Killed Cerebov
 97884 | Pan      | Received a gift from Okawaru
 97934 | Pan      | Reached skill level 10 in Evocations
 97944 | Pan      | Identified the Collected Works on Lightness and Calling
 98181 | Pan      | Got a fiery rune of Zot
 98677 | Pan      | Got a fine scimitar
 98678 | Pan      | Identified the +5 scimitar "Aradof" {speed, *Drain +Fly
                  | rElec Dex+9} (You found it in Pandemonium)
 99016 | Pan      | Found an exit through the horrors of the Abyss.
 99025 | Pan      | Took an exit into the Abyss.
 99025 | Abyss:1  | Escaped into the Abyss
 99121 | Depths:5 | Escaped the Abyss
 99899 | Pan      | Entered Pandemonium
100031 | Pan      | Received a gift from Okawaru
100614 | Pan      | Noticed Yqaris the pandemonium lord
100632 | Pan      | Killed Yqaris the pandemonium lord
100632 | Pan      | Reached skill level 15 in Invocations
100796 | Pan      | Got a faintly humming plate armour
100845 | Pan      | Identified the +1 plate armour "Hapar" {rElec rF+++ Str-2
                  | SInv} (You found it in Pandemonium)
101070 | Pan      | Reached skill level 5 in Unarmed Combat
101583 | Pan      | Got a steaming chain mail
102074 | Pan      | Noticed Vimuryq the pandemonium lord
102567 | Pan      | Got a demonic rune of Zot
102581 | Pan      | Noticed Kuhus the pandemonium lord
103012 | Pan      | Killed Kuhus the pandemonium lord
103012 | Pan      | Received a gift from Okawaru
103022 | Pan      | Got a faintly glowing long sword {god gift}
103023 | Pan      | Identified the +1 long sword of the Fortune-Teller {elec,
                  | rF- Dex+3} (Okawaru gifted it to you in Pandemonium)
103215 | Pan      | Found an exit through the horrors of the Abyss.
103849 | Pan      | Took an exit into the Abyss.
103849 | Abyss:1  | Escaped into the Abyss
103934 | Depths:5 | Escaped the Abyss
104206 | Lair:1   | Identified the cursed +0 chain mail "Kulurohe" {rElec} (You
                  | found it in Pandemonium)
104570 | Pan      | Entered Pandemonium
104765 | Pan      | Found a huge runed gate.
104825 | Pan      | Received a gift from Okawaru
104828 | Pan      | Got a pair of shimmering gloves {god gift}
104829 | Pan      | Identified the +1 pair of gloves "Dyniec Yfebu" {rPois
                  | rCorr SInv} (Okawaru gifted it to you in Pandemonium)
105221 | Pan      | Noticed Vecuy the pandemonium lord
106326 | Pan      | Killed Vecuy the pandemonium lord
107286 | Pan      | Noticed Puokhl Affy the pandemonium lord
107342 | Pan      | Killed Puokhl Affy the pandemonium lord
107342 | Pan      | Received a gift from Okawaru
107445 | Pan      | Gained mutation: You expend magic power (3 MP) to
                  | strengthen your wands. [a cacodemon]
107449 | Pan      | Lost mutation: You have an increased reservoir of magic.
                  | (+10% MP) [a cacodemon]
107452 | Pan      | Reached skill level 15 in Stealth
108161 | Pan      | Noticed Ikis the pandemonium lord
108173 | Pan      | Paralysed by a floating eye for 4 turns
108184 | Pan      | Paralysed by a floating eye for 3 turns
108193 | Pan      | Killed Ikis the pandemonium lord
108924 | Pan      | Entered the realm of Lom Lobon.
108924 | Pan      | Noticed Lom Lobon
108947 | Pan      | Killed Lom Lobon
108963 | Pan      | Got a magical rune of Zot
109299 | Pan      | Received a gift from Okawaru
110164 | Pan      | Noticed Kokkotaw the pandemonium lord
110179 | Pan      | Killed Kokkotaw the pandemonium lord
111054 | Pan      | Found an exit through the horrors of the Abyss.
111529 | Pan      | Took an exit into the Abyss.
111529 | Abyss:1  | Escaped into the Abyss
111569 | Depths:5 | Escaped the Abyss
112344 | Pan      | Entered Pandemonium
112501 | Pan      | Received a gift from Okawaru
113004 | Pan      | Received a gift from Okawaru
113301 | Pan      | Noticed Date the pandemonium lord
113328 | Pan      | Killed Date the pandemonium lord
113336 | Pan      | Reached skill level 10 in Unarmed Combat
113696 | Pan      | Noticed Ignacio
114224 | Pan      | Killed Ignacio
114870 | Pan      | Noticed Hadubeog the pandemonium lord
114896 | Pan      | Killed Hadubeog the pandemonium lord
114896 | Pan      | Received a gift from Okawaru
114901 | Pan      | Got a crystal great sword {god gift}
115697 | Pan      | Entered the realm of Gloorx Vloq.
116213 | Pan      | Received a gift from Okawaru
116222 | Pan      | Got a translucent crystal plate armour {god gift}
116223 | Pan      | Identified the +12 crystal plate armour of Dice, Bag, and
                  | Bottle {Dex+7} (Okawaru gifted it to you in Pandemonium)
116813 | Pan      | Noticed Gloorx Vloq
117500 | Pan      | Killed Gloorx Vloq
117734 | Pan      | Got a dark rune of Zot
118003 | Depths:5 | Escaped Pandemonium
118268 | Lair:1   | Identified the +4 great sword of Vedghara {drain, *Noise
                  | rN+++ Str+2 Dex+4} (Okawaru gifted it to you in
                  | Pandemonium)
118841 | Depths:4 | Voluntarily entered the Abyss.
118883 | Abyss:1  | Found a corrupted altar of Lugonu.
118916 | Abyss:1  | Gained mutation: You are frail. (-10% HP) [a neqoxec]
119067 | Abyss:1  | Paralysed by accursed screaming for 1 turns
119099 | Abyss:1  | Received a gift from Okawaru
119099 | Abyss:1  | Reached skill level 15 in Evocations
119322 | Abyss:1  | Found a corrupted altar of Lugonu.
119357 | Abyss:1  | Paralysed by accursed screaming for 1 turns
119362 | Abyss:2  | Found a corrupted altar of Lugonu.
119409 | Abyss:2  | Found a corrupted altar of Lugonu.
119444 | Abyss:2  | Found a corrupted altar of Lugonu.
119462 | Abyss:2  | Paralysed by accursed screaming for 1 turns
119805 | Depths:4 | Escaped the Abyss
119810 | Depths:4 | Voluntarily entered the Abyss.
120459 | Abyss:1  | Received a gift from Okawaru
120850 | Depths:4 | Escaped the Abyss
120982 | Pan      | Entered Pandemonium
121702 | Pan      | Gained mutation: You have an increased reservoir of magic.
                  | (+10% MP) [a cacodemon]
121969 | Pan      | Found an exit through the horrors of the Abyss.
121982 | Pan      | Noticed Erehoty the pandemonium lord
122014 | Pan      | Gained mutation: Armour fits poorly on your strangely
                  | shaped body. [a cacodemon]
122288 | Pan      | Gained mutation: You are very frail. (-20% HP) [a
                  | cacodemon]
122363 | Pan      | Gained mutation: You are dopey. (Int -2) [a cacodemon]
122369 | Pan      | Gained mutation: You do not regenerate when monsters are
                  | visible. [a cacodemon]
122370 | Pan      | Killed Erehoty the pandemonium lord
122665 | Pan      | Found an exit through the horrors of the Abyss.
122696 | Pan      | Gained mutation: Your body sometimes deteriorates upon
                  | taking damage. [a cacodemon]
122706 | Pan      | Received a gift from Okawaru
122754 | Pan      | Noticed Xequr the pandemonium lord
122770 | Pan      | Killed Xequr the pandemonium lord
124229 | Pan      | Noticed Ushawu Huas the pandemonium lord
124249 | Pan      | Killed Ushawu Huas the pandemonium lord
124586 | Pan      | Reached skill level 27 in Invocations
124678 | Pan      | Found an exit through the horrors of the Abyss.
125024 | Pan      | Received a gift from Okawaru
125034 | Pan      | Got an encrusted hat {god gift}
125045 | Pan      | Identified the +0 hat "Tadd" {rF+} (Okawaru gifted it to
                  | you in Pandemonium)
125237 | Pan      | Noticed Wuumeath the pandemonium lord
125253 | Pan      | Killed Wuumeath the pandemonium lord
125929 | Pan      | Found an exit through the horrors of the Abyss.
126458 | Pan      | Got a crude scimitar {flame}
126460 | Pan      | Identified the +4 scimitar "Tageggeu" {flame, Str+2 Stlth+}
                  | (You took it off a warmonger in Pandemonium)
128618 | Pan      | Found an exit through the horrors of the Abyss.
128697 | Pan      | Noticed Foruvano the pandemonium lord
128758 | Pan      | Gained mutation: You are weak. (Str -2) [a cacodemon]
128907 | Pan      | Killed Foruvano the pandemonium lord
128976 | Pan      | Found a runed door.
129003 | Pan      | Received a gift from Okawaru
129292 | Pan      | Found an ancient bone altar of Kikubaaqudgha.
129831 | Pan      | Entered the realm of Mnoleg.
130005 | Pan      | Paralysed by a floating eye for 3 turns
130010 | Pan      | Paralysed by a floating eye for 4 turns
130018 | Pan      | Paralysed by a floating eye for 3 turns
130020 | Pan      | Gained mutation: You are extremely frail. (-30% HP) [a
                  | cacodemon]
130115 | Pan      | Gained mutation: You are very dopey. (Int -4) [a shining
                  | eye]
130118 | Pan      | Gained mutation: You are clumsy. (Dex -2) [a neqoxec]
130167 | Pan      | Gained mutation: Scrolls take you a little longer to read.
                  | [a neqoxec]
130206 | Pan      | Gained mutation: You are very clumsy. (Dex -4) [a
                  | cacodemon]
130217 | Pan      | Noticed Mnoleg
130303 | Pan      | Paralysed by a floating eye for 2 turns
130305 | Pan      | HP: 8/191 [Mnoleg (12)]
130305 | Pan      | HP: 3/191 [Mnoleg (5)]
130309 | Pan      | Paralysed by a floating eye for 4 turns
130309 | Pan      | HP: 1/191 [hellephant[Mnoleg] (47)]
130309 | Pan      | Slain by a tentacled monstrosity

Skill      XL: |  1  2  3  4  5  6  7  8  9 10 11 12 13 14 15 16 17 18 19 20 21 22 23 24 25 26 27 |
---------------+----------------------------------------------------------------------------------+-----
Fighting       | 4 5 6 7 8 10 11 12 13 14 16 17 19 20 22 23 25 26 27 | 27.0
Armour         | 4 5 6 7 8 9 10 11 12 14 15 16 17 18 19 20 21 27 | 27.0
Shields        | 4 5 6 8 9 10 12 13 15 16 18 19 21 22 24 25 26 27 | 27.0
Long Blades    | 3 4 5 6 8 10 11 13 14 15 16 17 18 19 20 21 22 23 25 26 27 | 27.0
Dodging        | 1 2 3 4 6 7 8 9 10 11 27 | 27.0
Stealth        | 1 2 3 4 18 | 18.4
Evocations     | 1 2 3 4 18 | 18.1
Short Blades   | 1 2 |  2.8
Invocations    | 1 2 3 27 | 27.0
Unarmed Combat | 1 2 3 13 | 13.8
Throwing       | 1 |  1.1
Spellcasting   | |  0.6
Transmutations | |  0.3
Earth Magic    | |  0.6

Action                   |  1- 3 |  4- 6 |  7- 9 | 10-12 | 13-15 | 16-18 | 19-21 | 22-24 | 25-27 || total
-------------------------+-------+-------+-------+-------+-------+-------+-------+-------+-------++-------
Melee: Long sword        |    87 |   292 |   346 |   629 |  1133 |       |       |       |       ||  2487
       Headbutt          |    13 |    36 |    99 |   253 |   558 |   422 |   408 |   299 |  2953 ||  5041
       Short sword       |       |       |       |     9 |    76 |       |       |       |       ||    85
       Unarmed           |       |       |       |       |    40 |       |       |    11 |    10 ||    61
       Double sword      |       |       |       |       |   261 |  1300 |  1236 |   731 |  7861 || 11389
       Demon blade       |       |       |       |       |       |       |       |    35 |       ||    35
Invok: Heroism           |       |       |       |     5 |    17 |     2 |     2 |       |    25 ||    51
       Finesse           |       |       |       |       |     1 |       |       |       |    10 ||    11
Evoke: Wand              |       |       |       |    17 |    22 |    18 |     2 |       |    42 ||   101
  Use: Scroll            |       |    11 |     4 |     1 |    19 |    16 |    11 |     8 |    79 ||   149
       Potion            |       |     1 |       |     1 |     4 |     3 |       |     1 |    46 ||    56
 Stab: Distracted        |       |       |       |       |     3 |       |       |       |     7 ||    10
       Petrifying        |       |       |       |       |       |     2 |       |       |       ||     2
       Confused          |       |       |       |       |       |       |       |       |     1 ||     1
       Paralysed         |       |       |       |       |       |       |       |       |     1 ||     1
  Eat: Chunk             |       |     9 |     9 |    17 |    27 |    28 |    32 |    15 |    75 ||   212
       Ration            |       |       |     1 |     2 |     7 |     4 |     2 |     2 |    42 ||    60
Armor: Scale mail        |    56 |    72 |   120 |   219 |   115 |       |       |       |       ||   582
       Chain mail        |       |    84 |       |       |       |       |       |       |       ||    84
       Plate armour      |       |       |       |       |   272 |   382 |   280 |   191 |   689 ||  1814
       Gold dragon scale |       |       |       |       |       |       |       |       |  1028 ||  1028
Dodge: Dodged            |    30 |    80 |    96 |   273 |   486 |   406 |   390 |   233 |  3836 ||  5830
Block: Shield            |    42 |   192 |   222 |   486 |  1159 |  1723 |  1520 |  1019 |  8735 || 15098
       Buckler           |       |       |       |       |       |       |       |       |   394 ||   394
       Reflection        |       |       |       |       |       |       |       |       |    23 ||    23
       Rpst.: Long sword |     5 |    21 |    32 |    51 |    84 |       |       |       |       ||   193
       Double sword      |       |       |       |       |    12 |    66 |    72 |    54 |   539 ||   743
       Demon blade       |       |       |       |       |       |       |       |     7 |       ||     7
